 Dungeon Crawl Stone Soup version 0.28.0-53-g5a82cb258f (webtiles) character file.

Game seed: 2039203827960110294

218 HatHat the Slasher (level 5, -6/47 HPs)
             Began as a Minotaur Berserker on May 26, 2022.
             Was a Believer of Trog.
             Mangled by Edmund
             ... wielding a +2 vorpal dire flail
              (11 damage)
             ... on level 5 of the Dungeon.
             The game lasted 00:17:04 (2678 turns).

HatHat the Slasher (Minotaur Berserker)             Turns: 2678, Time: 00:17:06

Health: -6/47      AC: 13    Str: 24    XL:     5   Next: 63%
Magic:  4/4        EV:  9    Int:  4    God:    Trog [**....]
Gold:   139        SH:  0    Dex:  9    Spells: 4/4 levels left

rFire   + . .      SeeInvis +   c - +3 demon blade (vamp)
rCold   + . .      Faith    .   (no shield)
rNeg    . . .      Spirit   .   d - +1 chain mail "Zif Bace" {rF+ rC+ Will+ rCorr}
rPois   .          Reflect  .   (helmet restricted)
rElec   .          Harm     .   (no cloak)
rCorr   +          Rampage  .   k - +0 pair of gloves
Will    +....                   (no boots)
Stlth   ..........              (no amulet)
HPRegen 0.15/turn               i - ring of flight
MPRegen 0.09/turn               j - ring of see invisible

@: flying
A: horns 2, retaliatory headbutt, iridescent scales 1, wild magic 1
a: Renounce Religion, Berserk, Trog's Hand


You were on level 5 of the Dungeon.
You worshipped Trog.
Trog was pleased with you.
You visited 1 branch of the dungeon, and saw 6 of its levels.

You collected 139 gold pieces.

Inventory:

Hand Weapons
 a - a +0 falchion
 c - a +3 vampiric demon blade (weapon)
 m - a +1 hand axe of flaming
Armour
 d - the +1 chain mail "Zif Bace" (worn) {rF+ rC+ Will+ rCorr}
   (You acquired it on level 1 of the Dungeon)

   rF:        It protects you from fire.
   rC:        It protects you from cold.
   rCorr:     It protects you from acid and corrosion.
   Will:      It increases your willpower.
 k - a +0 pair of gloves (worn)
Jewellery
 i - a ring of flight (left hand)
 j - a ring of see invisible (right hand)
 l - a ring of ice
Wands
 f - a wand of iceblast (8)
Scrolls
 e - a scroll of teleportation
 o - a scroll of identify
 p - a scroll of amnesia
Potions
 b - a potion of curing
 g - a potion of heal wounds
 h - 2 potions of mutation
 n - a potion of lignification


   Skills:
 * Level 4.5 Fighting
 * Level 0.5(3.0) Short Blades
 + Level 5.3(5.4) Long Blades
 + Level 4.3 Armour
 * Level 2.8 Dodging
 + Level 1.2 Stealth


You had 4 spell levels left.
You didn't know any spells.
Your spell library was empty.

Dungeon Overview and Level Annotations

Branches:
Dungeon (6/15)
 Temple: D:4-7

Altars:

Annotations:
D:5 Edmund, Pikel


Innate Abilities, Weirdness & Mutations

You have a pair of horns on your head.
You reflexively headbutt those who attack you in melee.
You are partially covered in iridescent scales. (AC +2)
Your spells are a little harder to cast, but a little more powerful.


Message History

You hit Edmund.
You feel better.
Edmund is lightly wounded.
Edmund hits you but does no damage.
Pikel hits you with a +2 whip of electrocution.
You are electrocuted!
Edmund hits you with a +2 vorpal dire flail.
Pikel hits you with a +2 whip of electrocution.
* * * LOW HITPOINT WARNING * * *
You fly downwards.
There is a stone staircase leading up here.
Pikel hits you with a +2 whip of electrocution.
* * * LOW HITPOINT WARNING * * *
Pikel hits you but does no damage.
There is an open door here.
There is a stone staircase leading down here.
You fly downwards.
There is a stone staircase leading up here.
You start resting.
HP restored.
There is a stone staircase leading up here.
You fly upwards.
Level annotation: Edmund, Pikel The lemure barely misses you.
Pikel hits you but does no damage.
You are electrocuted!!
Edmund barely misses you. You furiously retaliate!
You headbutt Edmund.
There is a stone staircase leading down here.
You slice the lemure!! Your headbutt misses the lemure.
The lemure is severely wounded.
The lemure hits you but does no damage.
Pikel says, "You'll freeze in Cocytus!"
Pikel hits you but does no damage.
You are electrocuted!
Edmund hits you with a +2 vorpal dire flail.
You barely miss the lemure.
The lemure is severely wounded.
The lemure hits you.
* * * LOW HITPOINT WARNING * * *
Pikel hits you with a +2 whip of electrocution.
* * * LOW HITPOINT WARNING * * *
Edmund hits you with a +2 vorpal dire flail!
You die...

####.## #.....#
#.....# #.....#
#.....
########..########
##...#K.#..#......#
.......@5..'....<.#
...##...@..#......#
#......#......#
#......#......#
#######......#......#
.............#......#
.......##'####......#
..######......#######
#......#


You could see Edmund, Pikel and a lemure.

Vanquished Creatures
  A water moccasin skeleton (D:4)
  Natasha (thrice) (D:3)
  Robin (D:2)
  2 adders (D:2)
  A worm (D:3)
  2 orcs
  5 ball pythons
  9 endoplasms
  3 giant cockroaches
  9 goblins
  7 hobgoblins
  4 kobolds
  4 quokkas
  4 bats
  2 frilled lizards
  2 rats
59 creatures vanquished.

Vanquished Creatures (others)
  3 fungi (D:1)
  A plant (D:1)
4 creatures vanquished.

Grand Total: 63 creatures vanquished

Notes
Turn   | Place    | Note
-------+----------+-------------------------------------------
     0 | D:1      | HatHat the Minotaur Berserker began the quest for the Orb.
     0 | D:1      | Reached XP level 1. HP: 19/19 MP: 0/0
     7 | D:1      | Identified 2 scrolls of acquirement
     7 | D:1      | Acquired a +3 demon blade of electrocution
     8 | D:1      | Acquired the +1 chain mail "Zif Bace" {rF+ rC+ Will+ rCorr}
   323 | D:1      | Reached XP level 2. HP: 27/27 MP: 1/1
   343 | D:1      | Reached skill level 4 in Long Blades
   403 | D:1      | Found a faded altar of an unknown god.
   639 | D:1      | Gained mutation: You are partially covered in iridescent
                  | scales. (AC +2) [potion of mutation]
   639 | D:1      | Gained mutation: Your spells are a little harder to cast,
                  | but a little more powerful. [potion of mutation]
   842 | D:2      | Noticed Robin
   845 | D:2      | Reached ** piety under Trog
   846 | D:2      | Reached XP level 3. HP: 33/33 MP: 2/2
   858 | D:2      | Killed Robin
  1095 | D:2      | Reached XP level 4. HP: 31/40 MP: 3/3
  1339 | D:2      | Reached skill level 5 in Long Blades
  1535 | D:3      | Noticed Natasha
  1543 | D:3      | Killed Natasha
  1544 | D:3      | Reached skill level 1 in Stealth
  1626 | D:3      | Noticed Natasha
  1632 | D:3      | Killed Natasha
  1908 | D:3      | Noticed Natasha
  1916 | D:3      | Killed Natasha
  1917 | D:3      | Reached XP level 5. HP: 45/47 MP: 4/4
  2316 | D:4      | Noticed a lemure
  2316 | D:4      | Noticed a lemure
  2316 | D:4      | Noticed a lemure
  2316 | D:4      | Noticed a lemure
  2317 | D:4      | Noticed Pikel
  2364 | D:4      | Noticed Edmund
  2366 | D:5      | Entered Level 5 of the Dungeon
  2678 | D:5      | Mangled by Edmund

Illustrated notes

Levels and vault maps discovered:
D:1:      dpeg_arrival_rooms_c, layout_basic,
          shapermc_ecumenical_altar_rom_forum, serial_glass, glass_columns_b,
          glass_columns_a
D:2:      layout_loops_ring, uniq_robin
D:3:      layout_loops_ring, bh_walls_and_bars, uniq_natasha
D:4:      layout_loops_cross, uniq_edmund, uniq_pikel
D:5:      layout_gridville, mainiacjoe_overflow_alcove_1, roderic_roman_lattice,
          uniq_duvessa
D:6:      layout_basic, minmay_temple_entry_tees

Skill      XL: |  1  2  3  4 |
---------------+-------------+-----
Fighting       | 4 |  4.5
Long Blades    | 4 5 |  5.3
Armour         | 3 4 |  4.3
Stealth        | 1 |  1.2
Short Blades   | |  0.5
Dodging        | |  2.8

Action                   |  1- 3 |  4- 6 || total
-------------------------+-------+-------++-------
Melee: Demon blade       |    80 |    41 ||   121
       Headbutt          |    15 |     1 ||    16
  Use: Scroll            |     6 |     3 ||     9
       Potion            |     1 |     1 ||     2
Armor: Chain mail        |    79 |    29 ||   108
Dodge: Dodged            |    60 |    14 ||    74
